 Seeded DCSS version 0.31-a0-175-g9f7f995f2b (webtiles) character file.

Game seed: 4730055848435535826 (custom seed)

44 innerfire43 the Digger (level 3, 0/29 HPs)
             Began as a Troll Wanderer on June 16, 2023.
             Slain by a goblin
             ... wielding a +0 dagger
             ... led by Robin
              (5 damage)
             ... on level 2 of the Dungeon.
             The game lasted 00:01:03 (712 turns).

innerfire43 the Digger (Troll Wanderer)              Turns: 712, Time: 00:01:03

Health: 0/29       AC:  4    Str: 28    XL:     3   Next: 41%
Magic:  3/3        EV:  9    Int:  7    God:
Gold:   25         SH:  0    Dex:  6    Spells: 3/4 levels left

rFire   . . .        a - +1 spear
rCold   . . .        (no shield)
rNeg    . . .        c - +0 robe
rPois   .            (helmet restricted)
rElec   .            (no cloak)
rCorr   .            (gloves unavailable)
SInv    .            (boots unavailable)
Will    .....        (no amulet)
Stlth   +            (no ring)
HPRegen 1.04/turn    (no ring)
MPRegen 0.08/turn

%: no passive effects
@: no status effects
A: large, unfitting armour, claws 3, regeneration 1, shaggy fur 1, tough skin 1,
frail 1, strong 1
a: no special abilities


You were on level 2 of the Dungeon.
You visited 1 branch of the dungeon, and saw 2 of its levels.

You collected 25 gold pieces.

Inventory:

Hand Weapons
 a - a +1 spear (weapon)
Armour
 c - a +0 robe (worn)
Scrolls
 b - a scroll of fog
 d - 3 scrolls of identify {unknown}
 e - 3 scrolls of teleportation {unknown}
 g - a scroll of vulnerability {unknown}
 h - a scroll of immolation {unknown}


   Skills:
 * Level 1.4 Fighting
 * Level 3.3 Polearms
 * Level 1.4 Dodging
 - Level 1.0 Spellcasting
 - Level 3.6 Earth Magic


You had 3 spell levels left.
You knew the following spells:

 Your Spells              Type           Power      Damage    Failure   Level
a - Sandblast             Erth           10%        2d5       10%         1

Your spell library contained the following spells:

 Spells                   Type           Power      Damage    Failure   Level
 Passwall                 Tmut/Erth      1%         N/A       30%         2
 Lesser Beckoning         Tloc           0%         N/A       54%         2
 Gell's Gravitas          Tloc           0%         N/A       77%         3
 Teleport Other           Tloc           0%         N/A       77%         3
 Leda's Liquefaction      Hex/Erth       1%         N/A       90%         4


Dungeon Overview and Level Annotations

Branches:
Dungeon (2/15)

Altars:


Innate Abilities, Weirdness & Mutations

You are too large for most types of armour.
You have claws for hands.
Your natural rate of healing is unusually fast.
You are covered in fur. (AC +1)
You have tough skin. (AC +1)
You are frail. (-10% HP)
Your muscles are strong. (Str +4, Int/Dex -1)


Message History

The goblin closely misses you.
The goblin hits you with a +1 dagger of speed.
You hit Robin.
Robin is heavily wounded.
The goblin closely misses you.
You barely miss Robin.
Robin is heavily wounded.
The goblin closely misses you. x2
You closely miss Robin.
Robin is heavily wounded.
The goblin hits you with a +1 dagger of speed.
Robin hits you with a +0 club.
You closely miss Robin.
Robin is heavily wounded.
The goblin hits you with a +1 dagger of speed.
The goblin barely misses you. Robin hits you with a +0 club.
You hit Robin.
Robin is severely wounded.
The goblin no longer looks unusually strong.
The goblin hits you with a +1 dagger of speed.
You barely miss Robin.
Robin is severely wounded.
The goblin no longer looks unusually strong.
The goblin hits you with a +1 dagger of speed.
You hit Robin but do no damage.
Robin is severely wounded.
Robin roars a battlecry!
The goblins go into a battle-frenzy!
The goblin hits you with a +1 dagger of speed.
* * * LOW HITPOINT WARNING * * *
The goblin hits you with a +1 dagger of speed.
* * * LOW HITPOINT WARNING * * *
You hit Robin.
You kill Robin!
The goblin hits you with a +1 dagger of speed.
* * * LOW HITPOINT WARNING * * *
It was a potion of mutation.
You feel extremely strange.
You feel frail.
You feel stronger. The goblin hits you with a +0 dagger.
You die...

...........≈≈≈≈≈.≈≈≈≈≈.≈
........#..≈###≈.≈###≈.≈
...##...#..≈# #≈.≈# ≈.≈
........#..≈###≈.≈###≈.≈
##...##....≈≈≈≈≈.≈≈≈≈≈.≈
..##..).........gg..$...
#...##...#.≈≈≈≈≈g≈≈≈≈≈.≈
..#...##.#.≈###≈g≈###≈.≈
#.....†..#.≈# #≈@≈# ≈.≈
##.........≈# #≈g≈# .≈
#########.≈≈≈≈≈.≈≈≈≈≈.≈
#..............
#.≈≈≈≈≈.≈≈≈≈≈.≈
#.≈###≈.≈###≈.≈ #$≈
#≈.≈# ≈.≈ #. #≈.≈# .≈
≈≈.≈≈


You could see a hobgoblin (strong) and 4 goblins.

Vanquished Creatures
  Robin (D:2)
  A bat (D:2)
  2 endoplasms (D:1)
  3 giant cockroaches
  6 goblins
  4 hobgoblins
  5 ball pythons
  9 frilled lizards (D:1)
  A kobold (D:1)
  A rat (D:1)
33 creatures vanquished.

Notes
Turn   | Place    | Note
-------+----------+-------------------------------------------
     0 | D:1      | innerfire43 the Troll Wanderer began the quest for the Orb.
     0 | D:1      | innerfire43 set off with the following items: a +1 spear, a
                  | scroll of fog, a +0 robe; and the following spell
                  | memorised: Sandblast; and the following spells available to
                  | memorise: Passwall, Leda's Liquefaction.
     0 | D:1      | Reached XP level 1. HP: 19/19 MP: 1/1
   207 | D:1      | Reached XP level 2. HP: 19/27 MP: 2/2
   663 | D:2      | Noticed Robin
   678 | D:2      | Reached XP level 3. HP: 22/33 MP: 3/3
   711 | D:2      | Killed Robin
   712 | D:2      | Gained mutation: You are frail. (-10% HP) [potion of
                  | mutation]
   712 | D:2      | Gained mutation: Your muscles are strong. (Str +4, Int/Dex
                  | -1) [potion of mutation]
   712 | D:2      | Slain by a goblin

Illustrated notes

Levels and vault maps discovered:
D:1:      amcnicky_arrival_flooded_fountain, layout_basic, minmay_lizard_king
D:2:      layout_basic, hangedman_decor_peaks_small, minmay_misc_feat_room,
          kennysheep_boxes, uniq_robin

Skill      XL: |  1  2 |
---------------+-------+-----
Polearms       | 3 |  3.3
Fighting       | |  1.4
Dodging        | |  1.4
Spellcasting   | |  1.0
Earth Magic    | |  3.6

Action                     || total
---------------------------++-------
  Melee: Spear             ||   106
    Use: Potion            ||     1
 Armour: Robe              ||    43
  Dodge: Dodged            ||    64

Table legend: (Time is in decaauts)
 A = Elapsed time spent in this place.
 B = Non-inter-level travel time spent in this place.
 C = Inter-level travel time spent in this place.
 D = Time resting spent in this place.
 E = Time spent auto-exploring this place.
 F = Levels seen in this place.
 G = Mean time per level.
                   A        B        C        D        E       F      G
               +--------+--------+--------+--------+--------+-----+--------+
         Total |    707 |    691 |     16 |      0 |    523 |   2 |  353.5 |
       Dungeon |    707 |    691 |     16 |      0 |    523 |   2 |  353.5 |
               +--------+--------+--------+--------+--------+-----+--------+

Top non-repeatable levels by time:
     D:1: 606 daAuts
     D:2: 100 daAuts
